 Dungeon Crawl Stone Soup version 0.25-a0-614-g73ad250637 (webtiles) character file.

Game seed: 3795732115085116399, levelgen mode: deterministic

22 kae the Skirmisher (level 2, 0/24 HPs)
             Began as a Demonspawn Monk on Mar 17, 2020.
             Slain by an adder (3 damage)
             ... on level 1 of the Dungeon.
             The game lasted 00:01:21 (920 turns).

kae the Skirmisher (Demonspawn Monk)                 Turns: 920, Time: 00:01:21

Health: 0/24       AC:  2    Str: 11    XL:     2   Next: 68%
Magic:  2/2        EV: 13    Int: 11    God:
Gold:   23         SH:  0    Dex: 15    Spells: 1/1 levels left

rFire    . . .     SeeInvis .     - Unarmed
rCold    + . .     Gourm    .   (no shield)
rNeg     . . .     Faith    .   a - +0 robe
rPois    .         Spirit   .   (no helmet)
rElec    .         Reflect  .   (no cloak)
rCorr    .         Harm     .   (no gloves)
MR       .....                  (no boots)
Stlth    ++........             (no amulet)
HPRegen  0.08/turn              (no ring)
MPRegen  0.08/turn              (no ring)

@: lethally poisoned (0 -> -5)
A: cold resistance 1
a: no special abilities


You were on level 1 of the Dungeon.
You were not hungry.

You visited 1 branch of the dungeon, and saw 2 of its levels.

You collected 23 gold pieces.

Inventory:

Armour
 a - a +0 robe (worn)
Scrolls
 e - 2 scrolls of remove curse
Potions
 c - a potion of ambrosia {unknown}
Comestibles
 b - a ration
 d - 2 chunks of flesh


   Skills:
 + Level 3.3 Fighting
 - Level 2.6 Dodging
 - Level 1.7 Stealth
 * Level 3.3 Unarmed Combat


You had one spell level left.
You didn't know any spells.
Your spell library was empty.

Dungeon Overview and Level Annotations

Branches:
Dungeon (2/15)

Altars:


Innate Abilities, Weirdness & Mutations

Your flesh is cold resistant. (rC+)


Message History

You closely miss the adder. The adder closely misses you.
You hit the adder. Your punch misses the adder.
The adder is lightly wounded.
You feel sick. The adder bites you.
You barely miss the adder. Your punch misses the adder.
The adder is lightly wounded.
The adder bites you.
You are too injured to fight recklessly!
You are too injured to fight recklessly!
You closely miss the adder.
You feel sick. The adder bites you.
You closely miss the adder. The adder misses you. The adder closely misses you.
You hit the adder.
The adder is lightly wounded.
The adder misses you.
You closely miss the adder.
You feel sick. The adder bites you.
* * * LOW HITPOINT WARNING * * *
You hit the adder.
The adder is lightly wounded.
The adder closely misses you. The adder bites you.
You die...

........# #.# #).##..........
........#######.###..##..........
..................#..##..........
........########..#..##..........
########...)......#..##..........
#.## ####...###.#..##.#........
...## #...# #....##.#........
....## ####...####...##.#........
.....###........@Sg>.............
......##.##...#####..............
÷<.....+.##................÷.....
...#####.##...#####..............
#.## #.##...# #.............. #.#
#.##...# #.......(...... #.#
#.####.# #.............. #.# #.#
#.# #..............
#+######.####.# #######........


You could see an adder and a goblin.

Vanquished Creatures
  A dart slug (D:2)
  A leopard gecko (D:1)
  5 bats (D:1)
  A giant cockroach (D:1)
  3 goblins (D:1)
  A hobgoblin (D:1)
  A frilled lizard (D:1)
  A kobold (D:1)
  4 rats (D:1)
18 creatures vanquished.

Notes
Turn   | Place    | Note
-------+----------+-------------------------------------------
     0 | D:1      | kae the Demonspawn Monk began the quest for the Orb.
     0 | D:1      | Reached XP level 1. HP: 18/18 MP: 1/1
   395 | D:1      | Gained mutation: Your flesh is cold resistant. (rC+)
                  | [demonic ancestry]
   395 | D:1      | Reached XP level 2. HP: 24/24 MP: 2/2
   920 | D:1      | Slain by an adder

Levels and vault maps discovered:
D:1:      mrwooster_arrival_arrow, layout_basic
D:2:      layout_rooms, nicolae_qazlal_style_of_elements

Skill      XL: |  1 |
---------------+----+-----
Unarmed Combat | 3 |  3.3
Fighting       | |  3.3
Dodging        | |  2.6
Stealth        | |  1.7

Action                   || total
-------------------------++-------
Melee: Unarmed           ||    86
       Punch             ||     2
  Use: Scroll            ||     3
 Stab: Sleeping          ||     4
Armor: Robe              ||    18
Dodge: Dodged            ||    67

Table legend:
 A = Non-vault XP
 B = Vault XP
 C = Vault XP percentage of total XP
 D = Non-vault monster count
 E = Vault monster count
 F = Vault count percentage of total count
                 A         B        C        D         E       F
            +---------+---------+-------+---------+---------+-------
      Total |      32 |       0 |   0.0 |      18 |       0 |   0.0
            +---------+---------+-------+---------+---------+-------
        D:1 |      28 |       0 |   0.0 |      17 |       0 |   0.0
        D:2 |       4 |       0 |   0.0 |       1 |       0 |   0.0
            +---------+---------+-------+---------+---------+-------
